[Event "*** Titled Tuesday Blitz"]
[Site "Chess.com"]
[Date "2019.03.05"]
[Round "2"]
[White "mjray79"]
[Black "tomozupan"]
[Result "0-1"]
[WhiteElo "2110"]
[BlackElo "2221"]
[TimeControl "180+2"]
[EndTime "13:25:20 PST"]
[Termination "tomozupan won by checkmate"]

1. d4 Nf6 2. c4 g6 3. Nc3 d5 4.
cxd5 Nxd5 5. e4 Nxc3 6. bxc3 Bg7 7. Ba3 O-O 8. Nf3 Re8 9. Bc4 Nc6 10. O-O Na5 11.
Bd3 c6 12. e5 b5 13. Nd2 Be6 14. Ne4 Bc4 15. Nc5 Bxd3 16. Nxd3 Nc4 17. Bc5 Qd7 18. a4 a6 19. a5 Rad8 20. Bb4 Qf5 21. Qe2 f6 22. f4 Rd5 23. Nc5 Qc8 24. Ra2 f5 25. Qf3 Bf8 26. Re2 e6 27. Ra2 Bxc5 28. Bxc5 Qd7 29. Bb4 Qc7 30. g4 fxg4 31. Qxg4 Qf7 32. Rg2 Ne3 33. Qf3 Nxf1 34. Kxf1 Qf5 35. Rg5 Qb1+ 36. Kg2 Qc2+ 37. Kh3 Red8 38. Rg2 Qf5+ 39.
Kg3 c5 40. Bxc5 Rxc5 41. dxc5 Rd3 42. c6 Rxf3+ 43. Kxf3 Qd3+ 44. Kg4 Qxc3 45. Kg5 Qxc6 46. Rd2 b4 47. Kf6 Qc8 48. f5 gxf5 49. h4 b3 50. h5 Qb8 51. Rb2 f4 52. Rg2+ Kf8 53. Rb2 f3 54. h6 f2 55. Rxf2 b2 56. Rg2 b1=Q 57. Rg7 Qf5# 0-1

[Event "*** Titled Tuesday Blitz"]
[Site "Chess.com"]
[Date "2019.03.05"]
[Round "2"]
[White "raviteja81293"]
[Black "Kampkatten"]
[Result "0-1"]
[WhiteElo "2570"]
[BlackElo "2781"]
[TimeControl "180+2"]
[EndTime "13:25:21 PST"]
[Termination "Kampkatten won by resignation"]

1. d4 Nf6 2. Nf3 g6 3. Bg5 Bg7 4. Nbd2 O-O 5. e4 d5 6. Bd3 dxe4 7. Nxe4 Nbd7 8. O-O b6 9. Qe2 Bb7 10. c3 c5 11. dxc5 Nxc5 12. Nxc5 bxc5 13. Rad1 Qb6 14. Bc1 a5 15. a4 e6 16. Ne5 Rfd8 17. Bg5 h6 18.
Bc1 Nd5 19. Rfe1 Qc7 20. Ng4 Nf4 21. Bxf4 Qxf4 22. Bb5 h5 23. Ne3 Qe4 24. Qc2 Qf4 25. Rxd8+ Rxd8 26. Rd1 Rxd1+ 27. Qxd1 h4 28. h3 Be5 29.
Ng4 Bd6 30. Nf6+ Kh8 31. Ng4 Kg7 32. Kf1 Bd5 33. Ne3 Be4 34. Bd3 Bc6 35. Bb5 Bb7 36.
Qg4 Qxg4 37. Nxg4 Bf4 38. Ne3 Bxe3 39. fxe3 f5 40. Kf2 Kf6 41. g3 g5 42. gxh4 gxh4 43. Bd3 Ke5 44. Bc2 Bc6 45. Kf1 Bd5 46. Kf2 Bc6 47. b3 Bd7 48. Bd1 Bc6 49. Bf3 Be8 50. Bg2 Bd7 51. Ke2 c4 52. bxc4 Bxa4 53. c5 Bb5+ 54. Kd2 a4 55. Kc2 Bc4 56. Kb2 Bd5 57. Bf1 Bc6 58. Bc4 Kf6 59. Ka3 e5 60. Kb4 f4 61. exf4 exf4 62. Bf1 f3 63. Kc4 f2 64. Kd4 a3 65. Bc4 a2 0-1

[Event "*** Titled Tuesday Blitz"]
[Site "Chess.com"]
[Date "2019.03.05"]
[Round "2"]
[White "MathiasWomacka"]
[Black "Krupko_Alexey"]
[Result "1-0"]
[WhiteElo "2265"]
[BlackElo "2407"]
[TimeControl "180+2"]
[EndTime "13:25:22 PST"]
[Termination "MathiasWomacka won by resignation"]

1. e4 e6 2. d4 d5 3. Nd2 Nf6 4. e5 Nfd7 5. Bd3 c5 6. c3 Nc6 7.
Ne2 cxd4 8. cxd4 f6 9. exf6 Qxf6 10. Nf3 h6 11. O-O Bd6 12. Be3 O-O 13. Rc1 a6 14.
a3 Rf7 15. Ng3 Nf8 16. Qd2 Bd7 17. Rfe1 Rc8 18. b4 Be8 19. Ne5 Rfc7 20. f4 Ne7 21. Rxc7 Rxc7 22. Rc1 Nc6 23. Rc2 Qe7 24. Qc1 Bxe5 25.
dxe5 Bg6 26. Bxg6 Nxg6 27. Ne2 Qd7 28. Nd4 Nge7 29. Nb3 Nf5 30. Bb6 Rc8 31. Nc5 Qf7 32. Nxa6 Ra8 33. Nc7 Rc8 34. Nb5 Rf8 35. Bf2 g5 36.
fxg5 Qg6 37. gxh6 Nh4 38. Bxh4 Nxe5 39. Bg3 Nd3 40. Qd1 Qe4 41. Re2 Qc4 42. Rd2 Nf4 43. Bxf4 Qxf4 44. Nd4 Qxh6 45. Nf3 Qf4 46. Kh1 Qf5 47. Qe2 Rc8 48. h3 Rc1+ 49. Rd1 Rc2 50. Qe5 Qg6 51. Rd2 Rc1+ 52. Kh2 Rf1 53. Qg3 Qxg3+ 54.
Kxg3 Ra1 55. Rd3 1-0

[Event "*** Titled Tuesday Blitz"]
[Site "Chess.com"]
[Date "2019.03.05"]
[Round "2"]
[White "BigAl"]
[Black "Chessialist"]
[Result "1/2-1/2"]
[WhiteElo "2493"]
[BlackElo "2503"]
[TimeControl "180+2"]
[EndTime "13:25:30 PST"]
[Termination "Game drawn by agreement"]

1. Nf3 Nf6 2. g3 b5 3. Bg2 Bb7 4. O-O e6 5. d3 Be7 6. Nbd2 O-O 7.
e4 d6 8. a4 a6 9. Re1 c5 10.
e5 dxe5 11. Nxe5 Bxg2 12. Kxg2 Qc7 13. axb5 Bd6 14. Ndc4 Bxe5 15. Nxe5 Nd5 16. bxa6 Rxa6 17. Rxa6 Nxa6 18. c3 Rd8 19. Qf3 Nb8 20. h4 Nc6 21.
Nc4 Qb7 22. Kh2 Qb3 23. Bg5 Rf8 24. Be3 Qb5 25. Re2 Na5 26. Ne5 c4 27. dxc4 Nxc4 28.
Nxc4 Qxc4 29. Bd4 Rb8 30. h5 Ne7 31. g4 Qd5 32. Qf4 Rf8 33. Re5 Qd7 34. Re2 f6 35. Bc5 Nd5 36. Qe4 Qc7+ 37. Kg2 Qxc5 38. Qxe6+ Kh8 39.
Re4 h6 40. b4 Qxc3 41. Qxd5 Rb8 42. Qc5 Qd3 43. Qd4 Qb5 44. Re7 Qg5 45. Kg3 Rg8 46. Qe3 Qb5 47. Qe4 Qb8+ 48. Kg2 Qd6 49. Re6 Qc7 50. Re8 Rxe8 51. Qxe8+ Kh7 52. Qe4+ Kh8 53. Qd5 Qf4 54. Qf3 Qxb4 55. Kg3 Qd6+ 56. Kg2 Qe5 57. Qg3 Qg5 58. Qf3 1/2-1/2

[Event "*** Titled Tuesday Blitz"]
[Site "Chess.com"]
[Date "2019.03.05"]
[Round "2"]
[White "Maikrosoft63"]
[Black "PowerThinking2650"]
[Result "0-1"]
[WhiteElo "2546"]
[BlackElo "2333"]
[TimeControl "180+2"]
[EndTime "13:25:32 PST"]
[Termination "PowerThinking2650 won by resignation"]

1. e4 e5 2. Nf3 Nc6 3. Bc4 Nf6 4. d3 h6 5. Nbd2 d6 6. c3 g6 7. Bb3 Bg7 8. O-O O-O 9. h3 Kh7 10. Re1 Nh5 11. d4 Qe8 12. Nf1 Bd7 13. Ne3 Ne7 14.
dxe5 dxe5 15. Nd5 Rc8 16. Be3 c6 17. Nxe7 Qxe7 18. Bxa7 Nf4 19. Be3 Ne6 20. Qd2 f5 21. exf5 gxf5 22. Bb6 e4 23. Rad1 Be8 24. Nd4 Nxd4 25.
Bxd4 Bh5 26. Bxg7 Qxg7 27. Rc1 Rcd8 28. Qf4 Qg5 29. Qc7+ Kh8 30. Qe5+ Kh7 31. Re3 Bf3 32. g3 Rd7 33. Rce1 Rg7 34. Bd1 f4 35. Qxg5 Rxg5 36. Bxf3 fxe3 37. Bxe4+ Kh8 38. Rxe3 Re5 39. f3 Rd8 40.
Re2 c5 41. Kf2 b5 42. a3 b4 43. axb4 cxb4 44. cxb4 Rb5 45. g4 Rxb4 46. h4 Rdb8 47.
Kg3 Rxb2 48. Re3 R2b6 49. Rc3 Rf6 50. g5 hxg5 51. hxg5 Rf7 52. f4 Kg7 53. Kg4 Rb4 54. Bf5 Rb5 55. Be6 Re7 56. f5 Rxe6 57. fxe6 Kg6 58.
e7 Rb4+ 59. Kg3 Re4 60. Rc5 Rxe7 61. Kf4 Rf7+ 62. Kg4 Re7 63. Rc6+ Kg7 64. Kh5 Rd7 65. Rb6 Rc7 66. Rh6 Rc1 67. Rg6+ Kh7 68. Rh6+ Kg7 69. Rg6+ Kh7 70. Ra6 Rh1+ 71. Kg4 Rg1+ 72. Kf4 Rf1+ 73. Ke3 0-1

[Event "*** Titled Tuesday Blitz"]
[Site "Chess.com"]
[Date "2019.03.05"]
[Round "2"]
[White "SF-96"]
[Black "eljanov"]
[Result "0-1"]
[WhiteElo "2569"]
[BlackElo "2759"]
[TimeControl "180+2"]
[EndTime "13:25:35 PST"]
[Termination "eljanov won by resignation"]

1. e4 c6 2. d4 d5 3. e5 Bf5 4. Nd2 e6 5. Nb3 c5 6. Nxc5 Bxc5 7. dxc5 Qa5+ 8. c3 Qxc5 9. Be3 Qc7 10. f4 Ne7 11.
Nf3 O-O 12. Be2 Nbc6 13. O-O Be4 14. Nd4 Nf5 15. Nxf5 Bxf5 16. Rc1 Rfd8 17. Bd4 Rac8 18. Qd2 Be4 19. Qe3 Nxd4 20. Qxd4 h6 21. Rfd1 Qc5 22.
Qxc5 Rxc5 23. Rd4 Kf8 24. b4 Rc7 25. c4 Ke7 26. c5 f6 27. exf6+ gxf6 28. Rd2 e5 29. fxe5 fxe5 30. Re1 Kf6 31. Bg4 Rg8 32. Bh3 b6 33. Rf2+ Kg5 34. cxb6 axb6 35. Ref1 Rgg7 36. Bf5 Rgf7 37. Bxe4 Rxf2 38. Kxf2 dxe4 39. Ke3 Rc2 40. Rf2 Rc4 41. Rb2 Kf5 42. a4 Rc3+ 43. Kf2 e3+ 44. Ke2 Ke4 45. a5 b5 46. Ra2 Rc7 47. a6 Rf7 48. Ke1 Ra7 49. Ke2 Kd4 50. Ra3 Kc4 51. Rxe3 Kxb4 52. Rxe5 Rxa6 53. Kf3 Kc4 54. g4 b4 55. h4 b3 56. Re1 b2 57. Kf4 Ra1 58.
Re4+ Kd5 59. Re5+ Kd6 60. Rb5 b1=Q 61. Rxb1 Rxb1 62. Kf5 Rg1 63. g5 hxg5 64. hxg5 Ke7 65. Kg6 0-1

[Event "*** Titled Tuesday Blitz"]
[Site "Chess.com"]
[Date "2019.03.05"]
[Round "2"]
[White "Bryakin_Mikhail"]
[Black "champ2005"]
[Result "1-0"]
[WhiteElo "2653"]
[BlackElo "2790"]
[TimeControl "180+2"]
[EndTime "13:25:39 PST"]
[Termination "Bryakin_Mikhail won by resignation"]

1. d4 b6 2. c4 e6 3. e4 Bb7 4. Bd3 f5 5. exf5 Bb4+ 6. Kf1 Nf6 7. c5 bxc5 8. a3 c4 9. Bxc4 Ba5 10.
Nf3 O-O 11. Bg5 Kh8 12. fxe6 dxe6 13. Nc3 Nc6 14. Qd3 Bb6 15. Rd1 Qd6 16. Bxf6 gxf6 17. Ba6 Bxa6 18. Qxa6 Rad8 19. h4 Rg8 20. Rh3 Rg4 21. d5 Qc5 22. Qe2 exd5 23. Ne1 Rg7 24. Nd3 Qd6 25. Nb5 Qd7 26. Rf3 Rdg8 27. Ne1 Ne5 28. Rxf6 Ng4 29. Rf4 Nxf2 30. Rxf2 Bxf2 31. Kxf2 Qd8 32. Nd4 Qxh4+ 33. Kg1 Re7 34. Qd2 Qf6 35. Ndf3 c6 36. Qd4 Qxd4+ 37. Nxd4 Rg6 38. Nef3 Reg7 39. Rd2 Re7 40. Kf2 c5 41. Nf5 Rd7 42. Ne5 Rf6 43.
Nxd7 Rxf5+ 44. Ke3 d4+ 45. Ke4 Rg5 46. Ne5 Kg7 47. Nc4 Kf6 48. Rf2+ Ke6 49. a4 Rg4+ 50.
Kf3 h5 51. b3 Kd5 52. Ke2 Rg3 53. Rf5+ Ke4 54. Re5+ Kf4 55. Rxh5 Rxg2+ 56. Kd3 Rg3+ 57. Kc2 Rg2+ 58. Nd2 Ke3 59. Re5+ Kf2 60. Rxc5 Rg3 61. Ne4+ 1-0

[Event "*** Titled Tuesday Blitz"]
[Site "Chess.com"]
[Date "2019.03.05"]
[Round "2"]
[White "xLuring1"]
[Black "toog"]
[Result "1/2-1/2"]
[WhiteElo "2411"]
[BlackElo "2254"]
[TimeControl "180+2"]
[EndTime "13:25:44 PST"]
[Termination "Game drawn by repetition"]

1. e4 c5 2. Nf3 d6 3. d4 cxd4 4. Nxd4 Nf6 5. f3 Nc6 6. c4 e5 7. Nc2 Be7 8. Nc3 O-O 9. Be2 h6 10. O-O a6 11. Be3 Rb8 12. Bf2 Re8 13. Ne3 Nd4 14.
Bd3 b5 15. cxb5 axb5 16. Re1 Be6 17. Ncd5 Nxd5 18. Nxd5 Bxd5 19. exd5 Bf6 20. Qd2 b4 21. Rac1 Qa5 22. b3 Rec8 23. Bc4 Ra8 24. Bxd4 exd4 25. Re2 Qb6 26. Qd3 Bg5 27. Rcc2 Be3+ 28. Kh1 Re8 29. g3 Qd8 30. Kg2 Qf6 31. Bb5 Re5 32. Bd7 Rd8 33. Rc8 Rxc8 34. Bxc8 Qd8 35.
Rc2 Rxd5 36. Bf5 Rc5 37. Rxc5 dxc5 38. Qc4 Qd6 39. Bd3 g6 40. Qb5 h5 41. Qe8+ Kg7 42.
Qe4 Qf6 43. Bc4 h4 44. g4 g5 45. h3 Qd6 46. f4 Qxf4 47. Qxf4 Bxf4 48. Kf3 Kf6 49.
Bd3 Ke5 50. Be4 f6 51. Bf5 Bd2 52. Bd3 Bc3 53. Bc4 f5 54. gxf5 Kxf5 55. Bd3+ Ke5 56. Kg4 Bd2 57. Bc2 Bf4 58. Bd3 Kd5 59. Kf5 Kd6 60.
Bc4 Kc6 61. Bd3 Kd5 62. Bc4+ Kd6 63. Bd3 Be3 64. Bc4 Ke7 65. Bd3 Kf7 66. Bc4+ Kg7 67. Bd3 Kh6 68. Kg4 Kg7 69. Kf5 Kf7 70. Bc4+ Ke7 71.
Bd3 Kd6 72. Bc4 Kc6 73. Bd3 Bf4 74. Be4+ Kb5 75. Bd3+ Kc6 76. Bc4 Kd6 77. Bd3 Kd5 78. Bc4+ Kd6 79. Bd3 Kd5 80. Bc4+ Kd6 81. Bd3 Kd5 1/2-1/2

[Event "*** Titled Tuesday Blitz"]
[Site "Chess.com"]
[Date "2019.03.05"]
[Round "2"]
[White "chess_brilliant"]
[Black "Supernotar"]
[Result "0-1"]
[WhiteElo "2451"]
[BlackElo "2523"]
[TimeControl "180+2"]
[EndTime "13:25:46 PST"]
[Termination "Supernotar won by resignation"]

1. d4 d5 2. c4 dxc4 3. Nf3 Nf6 4. e3 e6 5. Bxc4 a6 6. O-O b5 7. Be2 Bb7 8. a4 b4 9. Nbd2 Nbd7 10. a5 c5 11. Nb3 cxd4 12. Nfxd4 Be7 13. Bf3 Nd5 14. Qe2 Ne5 15. Rd1 Nxf3+ 16. Nxf3 Qb8 17. g3 O-O 18. e4 Nf6 19. Bf4 Qe8 20. Nfd2 Rc8 21. Rac1 Qa4 22. f3 h6 23. Be3 Rfd8 24. Bb6 Re8 25. Qe3 Nd7 26.
Nc4 Bg5 27. f4 Be7 28. Nd4 Rxc4 29. Rxc4 Qxd1+ 30. Kg2 Nf6 31. Nc6 Bf8 32. Rc1 Qd7 33. Ne5 Qb5 34. h3 Bxe4+ 35. Kh2 Bd5 36. g4 Bd6 37. Bd4 Qxa5 38. g5 hxg5 39. fxg5 Nd7 40. Kg1 Nxe5 41. Bxe5 Bxe5 42. Qxe5 Qb6+ 43. Kf1 Qb5+ 44.
Kg1 Qd3 45. Rc7 Qd1+ 46. Kf2 Qd2+ 47. Kf1 Qg2+ 48. Ke1 Qh1+ 49. Kd2 Qxh3 50. g6 Qh6+ 51. Kd1 Qxg6 52. Kd2 Rf8 53. Qd6 b3 54. Qd7 Qg2+ 55.
Kc3 a5 56. Qe7 Qc2+ 57. Kd4 Qxb2+ 58. Ke3 Qe5+ 59. Kd3 b2 60. Kc2 Be4+ 0-1

[Event "*** Titled Tuesday Blitz"]
[Site "Chess.com"]
[Date "2019.03.05"]
[Round "2"]
[White "MaxiAMueller"]
[Black "pedromartinez91"]
[Result "0-1"]
[WhiteElo "2153"]
[BlackElo "2411"]
[TimeControl "180+2"]
[EndTime "13:25:54 PST"]
[Termination "pedromartinez91 won by resignation"]

1. e4 e6 2. d4 d5 3. Nc3 dxe4 4. Nxe4 Nd7 5. Bd3 Ngf6 6. c3 Be7 7. Ne2 Nxe4 8.
Bxe4 Nf6 9. Bf3 O-O 10. O-O Rb8 11. Qa4 a6 12. Bg5 Bd7 13. Qc2 h6 14. Bh4 Nd5 15.
Bg3 Bb5 16. a3 Bxe2 17. Qxe2 Re8 18. c4 Nf6 19. Rad1 Bd6 20. Bh4 c6 21. Be4 Be7 22.
Bb1 Qc7 23. Rfe1 Rbd8 24. Qd3 Qf4 25. Bg3 Qg5 26. Qb3 b5 27. cxb5 cxb5 28. a4 Qd5 29.
Qxd5 Nxd5 30. axb5 axb5 31. Bd3 b4 32. Ra1 Rf8 33.
Ra7 Bf6 34. Be5 Ra8 35. Rea1 Rxa7 36. Rxa7 Rc8 37. g3 Bxe5 38. dxe5 g5 39. Kg2 Rc1 40. Rb7 Rd1 41. Bc4 Rd4 42. Bxd5 Rxd5 43. Rxb4 Rxe5 44. h4 Kg7 45. hxg5 hxg5 46. Rc4 Re2 47.
b4 Rb2 48. Rc5 f5 49. b5 Kf6 50. Kf3 Rb3+ 51. Ke2 Rb2+ 52. Kf3 Ke7 53. Rc7+ Kd6 54. Rb7 Kc5 55. Re7 g4+ 56. Ke3 Rb3+ 57. Ke2 Kd5 58. Rb7 Ke4 59. b6 Rb2+ 60. Ke1 Kf3 61. Rb8 Rb1+ 62. Kd2 Kxf2 63. b7 Kxg3 64. Re8 Rxb7 65.
Rxe6 f4 0-1

[Event "*** Titled Tuesday Blitz"]
[Site "Chess.com"]
[Date "2019.03.05"]
[Round "2"]
[White "Lennis93"]
[Black "KRASAVCHIK2002"]
[Result "1-0"]
[WhiteElo "2230"]
[BlackElo "2311"]
[TimeControl "180+2"]
[EndTime "13:25:56 PST"]
[Termination "Lennis93 won on time"]

1. e4 c5 2. Nf3 d6 3. d4 cxd4 4. Nxd4 Nf6 5. Nc3 a6 6. Bg5 e6 7. f4 Qb6 8. Bxf6 gxf6 9. Qd2 Qxb2 10. Nb3 Qa3 11. Be2 Qb4 12. O-O Qb6+ 13. Kh1 Nc6 14.
Bh5 Bd7 15. f5 Ne5 16. Rab1 Qc7 17. fxe6 Bxe6 18. Rxf6 O-O-O 19. Nd5 Bxd5 20. exd5 Bg7 21. Rff1 Rhe8 22. Na5 b6 23. Nc6 Nxc6 24. dxc6 Re7 25.
Qd3 b5 26. Bf3 d5 27. a4 Rd6 28. axb5 Rh6 29. Bg4+ Kd8 30. g3 axb5 31. Qxd5+ Ke8 32. Bd7+ Kf8 33. Qxb5 Be5 34. Rf3 Bxg3 35. Rxg3 Qxg3 36.
Qb8+ Qxb8 37. Rxb8+ Kg7 38. c7 Re2 39. Rg8+ Kf6 40. h3 Rxc2 41. c8=Q Rxc8 42. Bxc8 Ke7 43.
Kg2 Rc6 44. Bg4 Rc5 45. Kg3 Kf6 46. Kh4 Rc4 47. Kh5 Rc5+ 48. Kh6 Rc4 49. Kxh7 Rc3 50. Ra8 Ke5 51. Kg7 Rc7 52. Ra5+ Kf4 53. Kf6 Kg3 54.
Bf5 Kh4 55. Ra4+ Kg3 56. Rg4+ Kf3 57. Rg1 Kf4 58. Rg4+ Kf3 59. Rg7 Kf4 60. Bg4 Rc6+ 61. Kxf7 Rc7+ 62. Kg6 Rxg7+ 63. Kxg7 Kg5 64. Be6 Kh5 65.
Bf5 Kg5 66. Bd7 Kh5 67. Be6 Kg5 68. Bg4 Kf4 69. Kg6 1-0

[Event "*** Titled Tuesday Blitz"]
[Site "Chess.com"]
[Date "2019.03.05"]
[Round "2"]
[White "bascheyaro"]
[Black "IIIlllII1llIl"]
[Result "1-0"]
[WhiteElo "2795"]
[BlackElo "2571"]
[TimeControl "180+2"]
[EndTime "13:26:04 PST"]
[Termination "bascheyaro won on time"]

1. d4 g6 2. c4 Bg7 3. Nc3 Nf6 4. Nf3 O-O 5. Bf4 d6 6. e3 c5 7. Be2 Bf5 8. O-O Ne4 9. Nxe4 Bxe4 10. Nd2 Bf5 11.
Bf3 Qc8 12. Nb3 cxd4 13. exd4 Nc6 14. Rc1 e5 15. Be3 Re8 16. c5 e4 17. Be2 d5 18.
Qd2 Bg4 19. Rcd1 h5 20. Bxg4 Qxg4 21. Na5 Qd7 22. Nxc6 bxc6 23. b4 a5 24. Rb1 axb4 25. Rxb4 Reb8 26. Rfb1 Rxb4 27. Rxb4 Ra3 28. Rb3 Ra4 29.
Qb2 Qa7 30. a3 Rc4 31. h3 Rxc5 32. Rb8+ Kh7 33. Rb7 Qa5 34. Rxf7 Qe1+ 35. Kh2 Rb5 36. Qc2 h4 37. Bd2 Qf1 38. Bb4 Kg8 39. Rc7 Bxd4 40. Rc8+ Kh7 41. Rc7+ Kg8 42. Rxc6 Be5+ 43. g3 hxg3+ 44.
fxg3 Qf3 45. Rxg6+ Kh7 46. Rg4 Rb7 47. Rh4+ Kg7 48.
Rg4+ Kh7 49. Qg2 Rf7 50. Rg5 Bb8 51. Qxf3 Rxf3 52. Rxd5 Bxg3+ 53. Kg2 Bh4 54. Rh5+ Kg6 55. Rxh4 Kf5 56. Rg4 Rb3 57. Rg3 Rb2+ 58. Kf1 Kf4 59. Bd6+ Kf5 60. Rc3 Ke6 61. Bf4 Kf5 62. Bg3 Ke6 63.
h4 Kd5 64. h5 Kd4 65. h6 Rb1+ 66. Be1 Rb6 67. Rh3 Rf6+ 68. Ke2 1-0

[Event "*** Titled Tuesday Blitz"]
[Site "Chess.com"]
[Date "2019.03.05"]
[Round "2"]
[White "Albertu"]
[Black "LukasHandler"]
[Result "1/2-1/2"]
[WhiteElo "2403"]
[BlackElo "2392"]
[TimeControl "180+2"]
[EndTime "13:26:04 PST"]
[Termination "Game drawn by agreement"]

1. e4 c5 2. Nf3 d6 3. d4 cxd4 4. Nxd4 a6 5. Nc3 Nf6 6. g3 e6 7. Bg2 Be7 8. O-O Qc7 9. Be3 Nc6 10. Nxc6 bxc6 11. Na4 Bb7 12. c4 Nd7 13. f4 O-O 14. Qd2 c5 15. Rae1 Rad8 16. g4 Nf6 17. Nc3 Nxg4 18. Kh1 Nxe3 19. Rxe3 Bf6 20. Rg3 g6 21. f5 exf5 22. exf5 Bxc3 23. bxc3 Bxg2+ 24. Qxg2 Qc8 25. Qh3 Kh8 26. Qh6 Rg8 27. fxg6 Qb7+ 28. Kg1 fxg6 29. Rgf3 Rd7 30. Rf6 d5 31. Qh4 d4 32. Qf4 Qc7 33. Qe4 Re7 34. Qd5 Qd7 35. Qxd7 Rxd7 36. cxd4 Rxd4 37. Rxa6 Rxc4 38. Rf7 Rd8 39. Raa7 Rh4 40. Rac7 c4 41. a4 c3 42. a5 Ra8 43. Rxc3 Kg8 44.
Rb7 Ra4 45. Rcc7 R4xa5 46. Rg7+ Kf8 47. Rxh7 Kg8 48. Rbg7+ Kf8 49. Rxg6 Ra1+ 50. Kg2 R1a2+ 51. Kh3 R2a3+ 52. Kh4 R3a4+ 53. Kh5 R8a5+ 54. Rg5 Rxg5+ 55. Kxg5 Kg8 56. Rb7 Ra5+ 57. Kg6 Ra6+ 58. Kg5 Kh8 59. h4 Ra5+ 60. Kh6 Ra6+ 61. Kh5 Ra5+ 62. Kg6 Ra6+ 63.
Kg5 Ra5+ 64. Kf6 Ra6+ 65. Kf5 Ra5+ 66. Kg6 Ra6+ 67. Kg5 Ra5+ 68. Kf4 Ra6 69. h5 Ra5 70.
Kg4 Ra6 71. Kg5 Ra5+ 72. Kg6 Ra6+ 73. Kf5 Ra5+ 74. Kg6 Ra6+ 75. Kf7 Ra8 76. Rb6 Kh7 77. Kf6 Ra5 78. Rb8 Rxh5 1/2-1/2

[Event "*** Titled Tuesday Blitz"]
[Site "Chess.com"]
[Date "2019.03.05"]
[Round "2"]
[White "Koksik_13"]
[Black "penguingm1"]
[Result "1/2-1/2"]
[WhiteElo "2632"]
[BlackElo "2885"]
[TimeControl "180+2"]
[EndTime "13:26:06 PST"]
[Termination "Game drawn by repetition"]

1. e4 e5 2. Nf3 Nc6 3. Nc3 Nf6 4. d4 exd4 5. Nxd4 Bb4 6. Nxc6 bxc6 7. Bd3 d5 8. exd5 cxd5 9. O-O O-O 10. h3 c6 11. Qf3 Rb8 12. Bf4 Bd6 13. b3 h6 14.
Rfe1 Rb4 15. Bxd6 Qxd6 16. Rad1 Be6 17. Ne2 a5 18. c4 a4 19. Bc2 axb3 20. axb3 Re8 21.
Nd4 Rbb8 22. Bf5 Bxf5 23. Nxf5 Qb4 24. Rxe8+ Rxe8 25. Nxh6+ Kf8 26. Nf5 Re1+ 27. Kh2 Qb8+ 28. g3 Qe5 29. Rxe1 Qxe1 30. Qf4 Kg8 31. Kg2 Ne4 32.
Ne7+ Kf8 33. Nxc6 Kg8 34. Ne7+ Kf8 35. Nxd5 Kg8 36. Ne7+ Kf8 37. Nf5 Kg8 38. Qe3 Qb1 39. Qd4 Nf6 40. Ne7+ Kf8 41. Nd5 Ne4 42. Nc3 Nxc3 43.
Qxc3 Qe4+ 44. Qf3 Qc2 45. h4 g6 46. Qd5 Qxb3 47. Qd6+ Kg8 48. Qd8+ Kh7 49. Qc7 Kg8 50.
c5 Qd5+ 51. Kh2 Qd4 52. Qc8+ Kg7 53. Kg1 Qd1+ 54. Kg2 Qd5+ 55. Kh2 Qf3 56. Kh3 Qh1+ 57. Kg4 Qe4+ 58. Kh3 Qh1+ 59. Kg4 Qe4+ 60. Kh3 Qh1+ 61. Kg4 Qe4+ 62. Kh3 Qh1+ 63. Kg4 Qe4+ 64. Kh3 Qh1+ 1/2-1/2

[Event "*** Titled Tuesday Blitz"]
[Site "Chess.com"]
[Date "2019.03.05"]
[Round "2"]
[White "DrRiebert"]
[Black "OparinGrigoriy"]
[Result "1-0"]
[WhiteElo "2437"]
[BlackElo "2967"]
[TimeControl "180+2"]
[EndTime "13:26:06 PST"]
[Termination "DrRiebert won by resignation"]

1. e4 c6 2. d4 d5 3. e5 c5 4.
dxc5 e6 5. a3 Bxc5 6. b4 Bb6 7. Qg4 Ne7 8. Nf3 O-O 9. Bd3 f5 10.
exf6 Rxf6 11. Qh5 g6 12. Qg5 Qf8 13. Nbd2 e5 14. Bb2 Nbc6 15. O-O-O Bf5 16. Nxe5 Nxe5 17. Bxe5 Re6 18. Bg3 Bxd3 19. cxd3 Rc8+ 20. Kb1 Nf5 21. Rhe1 Qe8 22. Nf3 a5 23. Qd2 axb4 24. Qxb4 Bc5 25. Qb3 Qd7 26. Rxe6 Qxe6 27. Re1 Qc6 28. Re5 Rd8 29.
a4 Bf8 30. Re2 Bg7 31. Rc2 Qe6 32. Qxb7 Re8 33. Rc7 Qf6 34. d4 Nxd4 35. Rxg7+ Qxg7 36. Qxd5+ Ne6 37. Ng5 Qe7 38. Nxe6 Qxe6 39. Qxe6+ Rxe6 40. a5 Kf7 41. Kc2 Re4 42. Kb3 Re1 43. Bd6 Rb1+ 44. Kc4 Ke6 45. Bb4 Kd7 46. Kb5 Kc7 47. Kc4 Kc6 48.
g3 g5 49. Bd2 g4 50. Kd3 Rh1 51. Be3 Rxh2 52. Ke4 Kb5 53. Bb6 h5 54. Kf4 Rh3 55. Kg5 Ka6 56. Kf4 Rh1 57. Kg5 Kb7 58. Kf4 Kc6 59. Kg5 Kd5 60. a6 Ke4 61. a7 Ra1 62.
Be3 Ra5+ 63. Kh4 Kf3 64. Bb6 Ra6 65. Bc5 Ke4 66. Kg5 Ke5 67. Be3 Ke6 68. Bc5 Ra5 69. Kh4 Kf5 70. Bb6 Ra1 71. a8=Q Rh1+ 72. Qxh1 1-0

[Event "*** Titled Tuesday Blitz"]
[Site "Chess.com"]
[Date "2019.03.05"]
[Round "2"]
[White "LawrenceTrent"]
[Black "Slovak_fighter2000"]
[Result "1-0"]
[WhiteElo "2537"]
[BlackElo "2462"]
[TimeControl "180+2"]
[EndTime "13:26:07 PST"]
[Termination "LawrenceTrent won by resignation"]

1. e4 e6 2. d4 d5 3. Nd2 a6 4.
Ngf3 c5 5. exd5 exd5 6. Be2 Nf6 7.
O-O Be7 8. Re1 O-O 9. Nf1 Nc6 10.
Be3 c4 11. h3 Bf5 12. Ng3 Bg6 13. Ne5 Nxe5 14. dxe5 Ne4 15. Nxe4 Bxe4 16. Bd4 Qd7 17. Bg4 Bf5 18. c3 Bxg4 19. Qxg4 Qxg4 20. hxg4 Rad8 21. f4 f6 22. e6 f5 23. gxf5 Rxf5 24. g3 g5 25. Re5 Rxe5 26. Bxe5 gxf4 27. gxf4 Bd6 28. Re1 Bxe5 29. Rxe5 Kg7 30. Kf2 Kf6 31. Ke3 Rh8 32. Kd4 h5 33. e7 Re8 34. Rxh5 Rxe7 35.
Rxd5 Re2 36. Rd6+ Kf5 37. Rb6 Re7 38. Kxc4 Kxf4 39. Kd5 Rd7+ 40. Ke6 Rh7 41. Kd6 Ke4 42. Kc5 Kd3 43. Rb4 Kc2 44. Kb6 Rg7 45. a4 Rh7 46. a5 Rg7 47. Ka7 Rg5 48. Kb6 Rg7 49. c4 Kd3 50. c5 Rh7 51. Ka7 Rc7 52. Rxb7 Rxc5 53. Kxa6 Kc4 54. b4 Rh5 55. b5 Kc5 56. Rc7+ Kb4 57.
Rb7 Kc5 58. Ka7 Kb4 59. a6 Ka5 60. Rb8 Rh7+ 61. Rb7 Rh5 62. Ka8 Rh8+ 63. Rb8 Rh6 64. a7 Rh7 65. Rg8 Kb6 66. Rg6+ Kc7 67. b6+ Kc8 68.
Rc6+ Kd8 69. Kb8 1-0

[Event "*** Titled Tuesday Blitz"]
[Site "Chess.com"]
[Date "2019.03.05"]
[Round "2"]
[White "Cryptochess"]
[Black "DrMelekess"]
[Result "0-1"]
[WhiteElo "2543"]
[BlackElo "2709"]
[TimeControl "180+2"]
[EndTime "13:26:18 PST"]
[Termination "DrMelekess won by resignation"]

1. e4 d5 2. exd5 Qxd5 3. Nc3 Qd8 4. d4 Nf6 5. Bc4 c6 6. Nf3 Bf5 7.
O-O e6 8. Re1 Be7 9. Ne5 Nbd7 10.
Qf3 Nxe5 11. dxe5 Nd7 12. Bf4 Bxc2 13. Re2 Bg6 14. Rd1 Qc7 15. Red2 Nb6 16. Bb3 O-O 17. Ne4 Nd5 18. Nd6 Rad8 19. Bg3 f6 20. Qe2 f5 21. Bxd5 exd5 22. Bf4 Kh8 23. Rc1 Bxd6 24. exd6 Qd7 25. h4 Rde8 26. Qf3 Re4 27. g3 Qf7 28. Qa3 a6 29. Kg2 h6 30. Rc3 Kg8 31. Re3 Rfe8 32. Rde2 d4 33. Rxe4 fxe4 34. Qb4 Qd5 35. Kh2 c5 36.
Qb6 Bf5 37. Qc7 Qc6 38. Rd2 Qxc7 39. dxc7 Kf7 40. b4 b6 41. bxc5 bxc5 42. Bd6 e3 43. fxe3 dxe3 44. Re2 Bg4 45. Re1 c4 46. Bf4 e2 47.
Kg2 Ke6 48. Kf2 Kd7 49. Rc1 Re4 50. Ke1 Rd4 51. Bd2 Kxc7 52. Rb1 Kc6 53. a4 Rd3 54. Rb4 Kc5 55. Rb7 Rxg3 56. Rc7+ Kd5 57. Kf2 Rf3+ 58. Kg2 Rf1 59. Rxg7 Bf3+ 60. Kg3 Rg1+ 61. Kxf3 Rxg7 62. Kxe2 h5 63. Bg5 Ke4 64. Kd2 Rb7 65. Kc3 Kd5 66.
a5 Rb3+ 67. Kc2 Ra3 68. Bd8 Kc6 69. Kb2 Rb3+ 70. Kc2 Kb5 71. Bc7 Ra3 72. Bd8 Rxa5 0-1

[Event "*** Titled Tuesday Blitz"]
[Site "Chess.com"]
[Date "2019.03.05"]
[Round "2"]
[White "StephenDedalus83"]
[Black "Swarnapuri"]
[Result "0-1"]
[WhiteElo "2698"]
[BlackElo "2703"]
[TimeControl "180+2"]
[EndTime "13:26:32 PST"]
[Termination "Swarnapuri won by resignation"]

1. e4 Nc6 2. Nf3 d6 3. d4 Nf6 4. Nc3 Bg4 5. Be3 e5 6. d5 Ne7 7. h3 Bd7 8. Bc4 Ng6 9. a4 Be7 10. O-O O-O 11. Qd3 Nh5 12. Kh2 Nhf4 13. Qd2 f5 14. Ng1 fxe4 15. Nxe4 Bf5 16. Ng3 Bd7 17. Ne4 Qc8 18. f3 Bf5 19. Rf2 Kh8 20. Bf1 Bd7 21. g3 Nh5 22. Bd3 Nf6 23. Nxf6 Bxf6 24. Be4 Ne7 25. Qd3 Bf5 26. Ne2 Bxh3 27. g4 Bxg4 28. fxg4 Qxg4 29. Rg2 Qh4+ 30. Kg1 Rf7 31. Bf2 Qh6 32.
Bg3 g6 33. Rf1 Raf8 34. Rgf2 Kg7 35. Rh2 Qg5 36. Kh1 Qg4 37. Qf3 Qxf3+ 38. Rxf3 Bg5 39. Rxf7+ Rxf7 40. Bf2 c6 41. c4 cxd5 42. cxd5 a6 43. Kg2 Nf5 44. Rh3 h5 45. Rc3 Bd2 46. Rd3 Bb4 47. Rb3 Bd2 48. Rf3 Ba5 49. Kf1 Bd2 50.
Ng3 Nxg3+ 51. Bxg3 Rxf3+ 52. Bxf3 Bb4 53. Ke2 Kh6 54. Kd3 g5 55. Ke4 g4 56. Be2 Kg5 57. Bf2 Bd2 58. Kd3 Bc1 59. b3 h4 60. Bb6 h3 61. Bf1 Kf4 62. Bc7 Ba3 63. Ke2 Kg3 64. Bb6 Bc1 65. Bf2+ Kf4 66. Bb6 Bb2 67. b4 Bc3 68. b5 axb5 69. axb5 Bd4 70. Bc7 Bc5 71. Ba5 b6 72. Bd2+ Ke4 73. Ke1 Kxd5 74. Ke2 Ke4 75.
Be1 d5 76. Bg3 d4 77. Bh4 Kf4 78. Kd3 e4+ 79. Kc4 Kf3 80. Kd5 h2 0-1